Cogmind - Beta 14 @@@ ROGUE MODE // 2024.10.19 @ 00:26:29 Player: Mercey Result: Destroyed by S-10 Pest with Light Assault Rifle Performance ------------- Evolutions (0) 0 Regions Visited (1) 200 Robots Destroyed (17) 85 Value Destroyed (494) 494 Prototype IDs (0) 0 Alien Tech Used (0) 0 Bonus (0) 0 TOTAL SCORE: 779 Bonus ------- None Cogmind --------- Core Integrity 0/250 Matter 275/300 Energy 250/250 System Corruption 0% Temperature Cool (0) Movement Rolling (135) Ox3 Location -10/Materials Parts ------- > --- POWER (1) -------- Ion Engine > --- PROPULSION (2) --- Wheel Compact Wheel > --- UTILITY (2) ------ Huge Storage Unit Hacking Suite > --- WEAPON (2) ------- Small Laser Backup Laser I > --- INVENTORY (25) --- Ion Engine Ion Engine Light Nuclear Core Small Storage Unit High-capacity Storage Unit Sensor Array Sensor Array Targeting Computer Small Laser Light Assault Rifle Datajack Mining Claw Mining Claw Peak State ------------ > --- POWER ------------ Ion Engine > --- PROPULSION ------- Wheel Compact Wheel > --- UTILITY ---------- Huge Storage Unit Hacking Suite > --- WEAPON ----------- Small Laser Light Assault Rifle > --- INVENTORY -------- Ion Engine Light Nuclear Core Small Storage Unit High-capacity Storage Unit Sensor Array Sensor Array Targeting Computer Small Laser Datajack Mining Claw Mining Claw [Rating: 10] Favorites ----------- Power Ion Engine Engine Ion Engine Propulsion Light Treads Treads Light Treads Wheel Wheel Utility Hacking Suite Storage Small Storage Unit Hackware Hacking Suite Weapon Assault Rifle Energy Gun Small Laser Ballistic Gun Assault Rifle Slashing Weapon Mining Claw Special Melee Weapon Datajack Build | -11 -10 ------- Run | Yrd Mat Slots Evolved . | . . Power . | . . Propulsion . | . . Utility . | . . Weapon . | . . Parts Attached 33 | 6 27 Power 4 | 1 3 Engine 4 | 1 3 Core . | . . Reactor . | . . Propulsion 7 | 2 5 Treads 2 | 2 . Leg . | . . Wheel 5 | . 5 Hover . | . . Flight . | . . Utility 4 | 1 3 Device . | . . Storage 3 | 1 2 Processor . | . . Hackware 1 | . 1 Protection . | . . Artifact . | . . Weapon 18 | 2 16 Energy Gun 1 | . 1 Energy Cannon . | . . Ballistic Gun 9 | 2 7 Ballistic Cannon . | . . Launcher . | . . Special Weapon . | . . Impact Weapon . | . . Slashing Weapon 4 | . 4 Piercing Weapon . | . . Special Melee Weapon 4 | . 4 Unidentified Prototypes . | . . Parts Lost 6 | . 6 Power 1 | . 1 Propulsion 3 | . 3 Utility . | . . Weapon 2 | . 2 Highest Loss Streak 3 | . 3 To Critical Strikes . | . . Average Slot Usage (%) 92 | . 92 Engine 14 | . 14 Treads 15 | . 15 Wheel 7 | . 7 Storage 14 | . 14 Hackware 13 | . 13 Energy Gun 5 | . 5 Ballistic Gun 17 | . 17 Slashing Weapon 3 | . 3 Special Melee Weapon 1 | . 1 Peak Build Rating 10 | 6 10 Average Rating 8 | 5 8 On Entrance 3 | . 6 Naked Turns . | . . Heaviest Build 88 | 12 88 Greatest Support 40 | 40 40 Greatest Overweight (x) 15 | 2 15 Average Overweight (x) 1 | . 2 Largest Inventory Capacity 25 | 8 25 Average Capacity 14 | 7 15 Most Carried 14 | 4 14 Average Carried 8 | 2 8 Final Capacity 25 | 8 25 Final Carried 13 | 4 13 Class Distribution -------------------- 82% | Mutant 17% | Scavenger-Mutant Dominant Class ---------------- Mutant | -10/Materials Resources | -11 -10 ----------- Run | Yrd Mat Matter Collected 741 | 200 541 Remotely . | . . Salvage Created 714 | . 714 Parts 40 | . 40 Haulers Intercepted . | . . Recyclers Shooed . | . . Parts Field Recycled . | . . Retrieved Matter . | . . Parts Self-Destructed . | . . Prevented . | . . Kills | -11 -10 ------- Run | Yrd Mat Combat Hostiles Destroyed 13 | . 13 Melee 1 | . 1 Guns 12 | . 12 Classes Destroyed 5 | . 5 Worker 1 | . 1 Recycler 1 | . 1 Operator 1 | . 1 Watcher 1 | . 1 Grunt 13 | . 13 Best Kill Streak 4 | . 4 Combat Bots Only 3 | . 3 Max Kills in Single Turn 2 | . 2 Gunslinging 1 | . 1 Exploded . | . . Melee 1 | . 1 Uniques/NPCs Destroyed . | . . Combat | -11 -10 -------- Run | Yrd Mat Hostile Shots Fired 128 | . 128 Missed 33 | . 33 Damage Taken 1094 | . 1094 Core 255 | . 255 Absorbed by Shields . | . . Regen/Repaired (Parts) 50 | . 50 Core Remaining (%) 100 | 100 . Volleys Fired 74 | . 74 Largest 2 | . 2 Hottest 60 | . 60 Shots Fired 120 | . 120 Gun 120 | . 120 Cannon . | . . Launcher . | . . Special . | . . Kinetic 112 | . 112 Thermal 8 | . 8 Explosive . | . . Electromagnetic . | . . Robot Hit Streak 9 | . 9 Robot Miss Streak 3 | . 3 Penetration Max . | . . Secondary Targets 1 | . 1 Max Gunslinging Chain 1 | . 1 Shots Hit Robots 87 | . 87 Core Hits 34 | . 34 Critical Kills . | . . Critical Parts Destroyed 1 | . 1 Critical Strikes 1 | . 1 Destroy 1 | . 1 Melee Attacks 18 | . 18 Impact . | . . Slashing 11 | . 11 Piercing . | . . Sneak Attacks 4 | . 4 Combat Hostiles . | . . Follow-up Attacks . | . . Damage Inflicted 1000 | . 1000 Guns 850 | . 850 Cannons . | . . Explosions . | . . Melee 144 | . 144 Ramming 6 | . 6 Kinetic 814 | . 814 Thermal 36 | . 36 Explosive . | . . Electromagnetic . | . . Impact . | . . Slashing 144 | . 144 Piercing . | . . Highest Corruption . | . . Average Corruption . | . . Corruption Purged . | . . Corruption Blocked . | . . Overload Shots . | . . Overflow Damage . | . . Projectiles . | . . Explosions . | . . Melee . | . . Knockbacks . | . . Impact . | . . Kinetic . | . . Secondary . | . . Self-Inflicted Damage . | . . Shots . | . . Rammed 1 | . 1 Targets Rammed 1 | . 1 Kicked . | . . Crushed . | . . Highest Temperature 82 | . 82 Average Temperature 23 | . 23 Received Heat Transfer 537 | . 537 Siege Activations . | . . Robots Corrupted . | . . Combat Hostiles . | . . Parts Fried . | . . Impact Corruptions . | . . Robots Melted . | . . Combat Hostiles . | . . Parts Melted . | . . Heat Transferred 75 | . 75 Parts Sabotaged . | . . Parts Stolen . | . . Parts Stripped . | . . Power Chain Reactions . | . . Alert | -11 -10 ------- Run | Yrd Mat Peak Influence 260 | . 260 Initial . | . . Average 106 | . 118 Maximum Alert Level 1 | . 1 Low Security (%) 86 | 100 85 Level 1 13 | . 14 Level 2 . | . . Level 3 . | . . Level 4 . | . . Level 5 . | . . High Security . | . . Max Security . | . . Squads Dispatched 6 | . 6 Investigation 4 | . 4 Extermination . | . . Reinforcement 2 | . 2 Assault . | . . Garrison . | . . Intercept . | . . Searches Triggered . | . . Construction Impeded . | . . Haulers Reinforced . | . . Active Scanning Responses . | . . Cargo Convoy Interrupts . | . . Stealth | -11 -10 --------- Run | Yrd Mat Distress Signals 1 | . 1 Communications Jammed . | . . Distress Signals . | . . Times Spotted 29 | . 29 Peak Tracking Total 6 | . 6 Tactical Retreats 9 | . 9 Traps | -11 -10 ------- Run | Yrd Mat Traps Triggered 2 | . 2 Indirectly . | . . Trap Hack Attempts . | . . Triggered . | . . Disarmed . | . . Reprogrammed . | . . Reused . | . . Traps Extracted . | . . Installed . | . . Triggered . | . . Machines | -11 -10 ---------- Run | Yrd Mat Machines Disabled . | . . Max in Single Turn . | . . Machines Repaired . | . . Machines Dismantled . | . . Machines Sabotaged . | . . Overloaded Fab Kills . | . . Hacking | -11 -10 --------- Run | Yrd Mat Machines Accessed 6 | . 6 Terminals 4 | . 4 Fabricators . | . . Repair Stations 1 | . 1 Recycling Units 1 | . 1 Scanalyzers . | . . Garrison Access . | . . Total Hacks 14 | . 14 Successful 12 | . 12 Failed 2 | . 2 Catastrophic . | . . Database Lockouts . | . . Manual . | . . Terminals 7 | . 7 Fabricators . | . . Repair Stations 3 | . 3 Recycling Units 4 | . 4 Scanalyzers . | . . Garrison Access . | . . Terminal Hacks 5 | . 5 Robot Analysis 1 | . 1 Emergency Access Points 1 | . 1 Alert Level 1 | . 1 Locate Traps 1 | . 1 Hauler Manifests 1 | . 1 Fabricator Hacks . | . . Repair Station Hacks 3 | . 3 Scan Component 1 | . 1 Repair 1 | . 1 Refit 1 | . 1 Recycling Unit Hacks 4 | . 4 Recycle Component 2 | . 2 Report Inventory 2 | . 2 Scanalyzer . | . . Garrison Access Hacks . | . . Unauthorized Hacks . | . . Terminals . | . . Fabricators . | . . Repair Stations . | . . Recycling Units . | . . Scanalyzers . | . . Garrison Access . | . . Data Cores Recovered . | . . Used . | . . Hacking Detections 6 | . 6 Full Trace Events 2 | . 2 Feedback Events . | . . Feedback Blocked . | . . Robot Schematics Acquired . | . . Robots Built . | . . Authchips . | . . Time . | . . Total Robot Build Rating . | . . Part Schematics Acquired . | . . Parts Built . | . . Authchips . | . . Time . | . . Total Part Build Rating . | . . Parts Repaired 1 | . 1 Time 26 | . 26 Parts Recycled 2 | . 2 Recycled Matter . | . . Retrieved Matter . | . . Retrieved Components . | . . Parts Scanalyzed . | . . Part Schematics Acquired . | . . Parts Damaged . | . . Bothacking | -11 -10 ------------ Run | Yrd Mat Used RIF Installer . | . . Robots Hacked 2 | . 2 Non-combat 2 | . 2 Combat . | . . Robot Hacks Applied 2 | . 2 parse_system 1 | . 1 no_distress 1 | . 1 Relay Couplers Released . | . . Fabnet Peak Effective % . | . . Robots Rewired . | . . Allies Hacked . | . . Hacks Repelled . | . . Allies | -11 -10 -------- Run | Yrd Mat Total Allies . | . . Largest Group . | . . Highest-Rated Group . | . . Highest-Rated Ally . | . . Total Orders . | . . Ally Attacks . | . . Total Damage . | . . Kills . | . . Allies Corrupted . | . . Allies Melted . | . . Intel | -11 -10 ------- Run | Yrd Mat Robot Analysis Total 1 | . 1 Derelict Logs Recovered . | . . Drone Launches . | . . Drone Recoveries . | . . Exploration | -11 -10 ------------- Run | Yrd Mat Turns Passed 1073 | 112 961 Spaces Moved 416 | 61 355 Core 16 | 9 7 Treads 230 | 52 178 Legs . | . . Wheels 170 | . 170 Hover . | . . Flight . | . . Fastest Speed 50 | 50 135 Average Speed 164 | 149 167 Slowest Speed 800 | 160 800 Overloaded Moves . | . . Propulsion Burnouts . | . . Robots Hopped . | . . Cave-ins Triggered . | . . Exploration Rate (%) 29 | 6 52 Regions Visited 1 Branch Regions . Pre-discovered Areas . | . . Known Exits Taken . | . . Unknown Exits Taken 1 | 1 . Scrap Searched . | . . Spaces Dug 1 | . 1 Terrain Destroyed 1 | . 1 Melee 1 | . 1 Projectile . | . . AOE . | . . Terrain Rammed . | . . Walls Destroyed . | . . Machines Disabled . | . . Actions | -11 -10 --------- Run | Yrd Mat Total 653 | 79 574 Wait 94 | 9 85 Move 415 | 60 355 Hop . | . . Pick Up 16 | 4 12 Fast Attach 8 | 6 2 Attach 6 | . 6 Detach 1 | . 1 Swap 19 | . 19 Drop 1 | . 1 Fire 74 | . 74 Melee 18 | . 18 Ram . | . . Kick . | . . Crush 1 | . 1 Escape Stasis . | . . Rewire . | . . Trap . | . . Miscellaneous . | . . Route ------- -11/Scrapyard -10/Materials (discovered 2 exits: [*Mat x2]) History --------- Turn | Location | Event 14 | -11/Scrapyard | Discovered new exit (range 14) 113 | -11/Scrapyard | Entered Materials 303 | -10/Materials | Build established: Mutant 442 | -10/Materials | Discovered new exit (range 5) 645 | -10/Materials | Core integrity fell below 50% 667 | -10/Materials | Lost 3 parts (2n1w) 842 | -10/Materials | Core integrity fell below 20% 911 | -10/Materials | Discovered new exit (range 15) 953 | -10/Materials | Repaired Lgt. Assault Rifle 1074 | -10/Materials | Destroyed by S-10 Pest with Light Assault Rifle Last Messages --------------- Lgt. Assault Rifle Rating: 1 Time: 26 >>Repair Repairing Lgt. Assault Rifle... ETC: 26 Repair station completes Lgt. Assault Rifle repairs. Acquired Lgt. Assault Rifle. Connecting with Repair Station... >>Refit Scanning configuration... Attaching: Backup Laser I x1 Triggered Alarm Trap. An alarm sounds. ALERT: Alarm triggered, dispatching investigation squad. Wheel destroyed. U-05 Engineer lays Concrete. Map ----- +----------------------------------------------------+ | | | | | | | | | | | | | | | | | | | | | | | ??????????????????????#############??????????????? | | ??????????????????????# ######?????????? | | ??????????????????????# # ########### | | ??????????????????????# + | | ??????????????????????# """ """ # | | ??????????????????????# """ """ # ########??? | | ??????????????????????# """ """ ## ##?????????? | | ??????????????????????# ## #??????????? | | ??????????????????????########+##### #??????????? | | ??????????????????????#####??# #???# #??????????? | | ??????????????????????# #??# #???# #??????????? | | ??????????????????????# < #??# #???# #??????????? | | ??????????????????????# #??# #???# #??????????? | | ??????????????????????# #??# #???# #??????????? | | ??????????????????????# @#??# #???# #??????????? | | ??????????????????????# #??# #???# #??????????? | | ??????????????????????# ####+###?# #??????????? | | ??????????????????????# # ### #??????????? | | ?????????????????????## # / #??????????? | | ?????????????????????#" # #### #??????????? | | ?????????????????????#T g " " #??? ?????????? | | ?????????????????????#" # "R" #??? ????????? | | ?????????????????????## # """ #???### ???????? | | ??????????????????????#ss ################ #?????? | | ??# #####+############ #????# #?#?????? | | ? ^ s #????# #???????? | | ? ^ #????# #???????? | | ? ^ #????# #???????? | | ????#### ######### #????# """ #???????? | | ???????# ?# =## #????# """ "T" #???????? | | ???????#! ??# """ ## ##???# """ """ #???????? | | ???????##!????# """ # #???# #???????? | | ????????#?????# """ # ########+###########??? | | ??????????????# %+% T #??? | | ??????????????# #% < #??? | | ??????????????# !! # % #??? | | ??????????????# ![ ## #########/######+####??? | | ??????????????# [ ## #?# ## [ #??? | | ??????????????######### #?# ## #??? | +----------------------------------------------------+ Best States ------------- Heat Dissipation 25 Energy Generation 10 Energy Capacity 250 Matter Stores 300 Matter Capacity 300 Sight Range 16 Terrain Scan Density 10 Evasion (%) 40 Recoil Reduction 2 Offensive Hacking 10 Item Schematics ----------------- None Robot Schematics ------------------ None Fabricated ------------ Nothing Alien Tech Used ----------------- None Achievements -------------- None Challenges ------------ None Game ------ Seed GaussReinforcedSheargun Manual? 0 Play Time 00:18:01 Cumulative 13.7 hours Start 2024.10.17 @ 23:07:35 End 2024.10.19 @ 00:26:29 Sessions 1 Manual Loads 0 Difficulty Rogue Special Mode None Game No. 22 Rogue 22 Adventurer 0 Explorer 0 Win Type - Total 0 Types 0/0/0/0/0/0/0/0/0 Lore% 5 Gallery% 18 Achievement% 18 Wizard Run 0 Options --------- Layout 1 ASCII 0 Keyboard 0 Movement Mouse Keybinds 0 Fullscreen 1 Font 40/X11 Map View 25x22 Zoom Use 99% Tactical HUD 0 Map Filters NONE Filters NONE Steam 1 RUN: 2afe806b-4bc4-4b2d-a8af-522c7c96ff78